 Dungeon Crawl Stone Soup version 0.21.1-1-g345015f (webtiles) character file.

55 kaesh the Skirmisher (level 3, 0/40 HPs)
             Began as an Ogre Fighter on Feb 24, 2018.
             Slain by an orc
             ... wielding a +0 trident
              (4 damage)
             ... on level 3 of the Dungeon.
             The game lasted 00:05:11 (1503 turns).

kaesh the Skirmisher (Ogre Fighter)                 Turns: 1503, Time: 00:05:12

Health: 0/40       AC:  3    Str: 21    XL:     3   Next: 93%
Magic:  3/3        EV:  8    Int:  9    God:
Gold:   116        SH:  8    Dex:  8    Spells: 2/2 levels left

rFire    . . .     SeeInvis .   a - +0 flail
rCold    . . .     Gourm    .   c - +0 shield
rNeg     . . .     Faith    .   b - +0 robe
rPois    .         Spirit   .   (helmet restricted)
rElec    .         Reflect  .   (no cloak)
rCorr    +         Harm     .   (gloves unavailable)
MR       .....                  (boots unavailable)
Stlth    +.........             p - amulet of magic regeneration
HPRegen  0.13/turn              r - ring of resist corrosion
MPRegen  0.33/turn              (no ring)

@: no status effects
A: large, unfitting armour, tough skin 1
a: no special abilities


You were on level 3 of the Dungeon.
You were not hungry.

You visited 1 branch of the dungeon, and saw 3 of its levels.

You collected 116 gold pieces.

Inventory:

Hand Weapons
 a - a +0 flail (weapon)
Armour
 b - a +0 robe (worn)
 c - a +0 shield (worn)
Jewellery
 p - an amulet of magic regeneration (around neck)
 r - a ring of resist corrosion (left hand)
Scrolls
 e - a scroll of magic mapping {unknown}
 j - a scroll of teleportation {unknown}
 k - a scroll of enchant weapon {unknown}
 l - a scroll of random uselessness {unknown}
 o - a scroll of enchant armour {unknown}
 q - 3 scrolls of identify {unknown}
 t - a scroll of remove curse {unknown}
 u - a scroll of amnesia {unknown}
Potions
 d - a potion of might
 g - a potion of degeneration {unknown}
 h - a potion of invisibility {unknown}
 i - 2 potions of heal wounds {unknown}
 m - a potion of curing {unknown}
 n - a potion of lignification {unknown}
Comestibles
 f - 8 rations
 s - a chunk of flesh


   Skills:
 + Level 4.7 Fighting
 + Level 2.4 Maces & Flails
 + Level 3.1 Dodging
 - Level 3.1 Shields


You had 2 spell levels left.
You didn't know any spells.

Dungeon Overview and Level Annotations

Branches:
Dungeon (3/15)

Altars:


Innate Abilities, Weirdness & Mutations

You are too large for most types of armour.
You have tough skin. (AC +1)


Message History

The orc priest calls down the wrath of Beogh upon you.
Pain shoots through your body!
You barely miss the orc priest. You block the orc priest's attack.
You block the orc's attack.
The orc priest hits you but does no damage.
You thump the orc priest!
The orc priest is almost dead.
The orc barely misses you. The orc priest hits you with a dagger.
The orc closely misses you.
You hit the orc priest but do no damage.
The orc priest is almost dead.
The orc priest mumbles some strange prayers to Beogh against you.
Beogh smites you!
The orc hits you from afar with a trident!
* * * LOW HITPOINT WARNING * * *
You hit the orc priest.
The orc priest is almost dead.
The orc priest closely misses you.
The orc hits you from afar with a trident.
You die...

.....##.# #..
##........ #..
......... # #..
#......#
.##..###......###
.................
##....<......######
##.#...###...>........
#.......@o............
≈#.#.#####o###..#....
#.# #..# # #.# #..o.
... ....o.# #..
####..# #..# ..# #..#
.. ...


You could see an orc priest and an orc.

Vanquished Creatures
  An adder (D:2)
  An ooze (D:1)
  A worm (D:2)
  2 dart slugs (D:1)
  2 leopard geckos (D:1)
  4 bats
  3 giant cockroaches (D:1)
  4 goblins (D:1)
  2 hobgoblins
  2 jackals (D:2)
  2 kobolds (D:1)
  A ball python (D:1)
  6 frilled lizards
  2 rats
33 creatures vanquished.

Notes
Turn   | Place    | Note
-------+----------+-------------------------------------------
     0 | D:1      | kaesh the Ogre Fighter began the quest for the Orb.
     0 | D:1      | Reached XP level 1. HP: 24/24 MP: 1/1
    26 | D:1      | Reached XP level 2. HP: 30/32 MP: 2/2
   403 | D:1      | Reached XP level 3. HP: 25/40 MP: 3/3
  1503 | D:3      | Slain by an orc

Skill      XL: |  1  2 |
---------------+-------+-----
Maces & Flails | 2 |  2.4
Shields        | 3 |  3.1
Dodging        | 3 |  3.1
Fighting       | |  4.7

Action                   || total
-------------------------++-------
Melee: Flail             ||   142
  Eat: Chunk             ||     2
Armor: Robe              ||    64
Dodge: Dodged            ||    70
Block: Shield            ||    82
